 Dungeon Crawl Stone Soup version 0.29-a0-25-g7f48f510a0 (webtiles) character file.

Game seed: 12736710396810180669

8199 lunkers the Destroyer (level 10, -8/69 HPs)
             Began as a Demigod Earth Elementalist on Feb 1, 2022.
             Mangled by a skeletal warrior (21 damage)
             ... on level 11 of the Dungeon.
             The game lasted 00:21:48 (13258 turns).

lunkers the Destroyer (Demigod Earth Elementalist) Turns: 13258, Time: 00:21:48

Health: -8/69      AC:  9    Str:  9    XL:     10   Next: 79%
Magic:  1/25       EV: 12    Int: 29    God:
Gold:   528        SH:  0    Dex: 14    Spells: 18/24 levels left

rFire   . . .      SeeInvis .   a - +10 long sword of Doors {venom, rElec Stlth+}
rCold   + . .      Faith    .   (no shield)
rNeg    + . .      Spirit   .   I - +1 robe {rN+}
rPois   .          Reflect  .   u - +2 helmet
rElec   +          Harm     .   C - +1 cloak
rCorr   .          Rampage  .   j - +0 pair of gloves
Will    +....                   (no boots)
Stlth   +++.......              w - amulet of regeneration
HPRegen 1.01/turn               n - ring of protection from cold
MPRegen 0.19/turn               (no ring)

@: no status effects
A: high MP 1, forlorn, divine attributes
a: no special abilities


You were on level 11 of the Dungeon.
You visited 1 branch of the dungeon, and saw 11 of its levels.

You collected 528 gold pieces.

Inventory:

Hand Weapons
 a - the +10 long sword of Doors (weapon) {venom, rElec Stlth+}
   (You found it on level 5 of the Dungeon)

   It poisons the flesh of those it strikes.
   rElec:     It insulates you from electricity.
   Stlth:     It makes you more stealthy.
 x - the +6 dagger of Zuagoan {vorpal, Drain Fragile rC+ Dex+5}
   (You found it on level 11 of the Dungeon)

   It inflicts extra damage upon your enemies.
   Dex:       It affects your dexterity (+5).
   rC:        It protects you from cold.
   Drain:     It drains your maximum health when unequipped.
   Fragile:   It will be destroyed if unequipped.
Missiles
 c - 137 stones
 G - 2 throwing nets
Armour
 j - a +0 pair of gloves (worn)
 u - a +2 helmet (worn)
 C - a +1 cloak (worn)
 I - a +1 robe of positive energy (worn)
Magical Staves
 J - a staff of death
Jewellery
 n - a ring of protection from cold (left hand)
 w - an amulet of regeneration (around neck)
Wands
 b - a wand of flame (25)
 d - a wand of paralysis (8)
 y - a wand of acid (10)
 F - a wand of iceblast (15)
Scrolls
 i - 3 scrolls of teleportation
 k - 2 scrolls of enchant armour
 o - a scroll of blinking
 q - 2 scrolls of magic mapping
 r - 2 scrolls of vulnerability
 v - a scroll of summoning
 K - 2 scrolls of amnesia
Potions
 e - 3 potions of attraction
 f - 4 potions of berserk rage
 g - 4 potions of lignification
 h - a potion of invisibility {unknown}
 l - a potion of magic {unknown}
 m - 2 potions of might {unknown}
 p - 3 potions of flight
 s - 4 potions of curing
 t - 4 potions of heal wounds
 z - a potion of haste
 A - 3 potions of brilliance
 D - a potion of mutation {unknown}


   Skills:
 - Level 1.7 Dodging
 - Level 1.7 Stealth
 + Level 7.5 Spellcasting
 * Level 10.8 Conjurations
 - Level 0.8 Transmutations
 + Level 8.8 Earth Magic


You had 18 spell levels left.
You knew the following spells:

 Your Spells              Type           Power      Damage    Failure   Level
a - Stone Arrow           Conj/Erth      100%       3d13      1%          3
b - Passwall              Tmut/Erth      31%        N/A       1%          2
c - Sandblast             Erth           100%       2d20      1%          1

Your spell library contained the following spells:

 Spells                   Type           Power      Damage    Failure   Level
 Petrify                  Tmut/Erth      38%        N/A       7%          4
 Ensorcelled Hibernation  Hex/Ice        20%        N/A       8%          2
 Spider Form              Tmut/Pois      13%        N/A       12%         3
 Irradiate                Conj/Tmut      22%        3d21      12%         5
 Tukima's Dance           Hex            10%        N/A       14%         3
 Anguish                  Hex/Necr       5%         N/A       43%         4
 Blade Hands              Tmut           7%         N/A       67%         5
 Summon Forest            Summ/Tloc      5%         N/A       80%         5
 Summon Mana Viper        Hex/Summ       10%        N/A       80%         5
 Summon Cactus Giant      Summ           5%         N/A       100%        6
 Dragon Form              Tmut           7%         N/A       100%        7
 Enfeeble                 Hex            5%         N/A       100%        7


Dungeon Overview and Level Annotations

Branches:
Dungeon (11/15)            Temple (0/1) D:6            Lair (0/6) D:8
    Orc: D:9-12

Shops:
D:9 !


Innate Abilities, Weirdness & Mutations

You have an increased reservoir of magic. (+10% MP)
You shall have no god before yourself.
Your divine heritage dramatically boosts your attributes as you level up.


Message History

The stone arrow hits the skeletal warrior!!
The skeletal warrior is severely damaged.
The skeletal warrior hits you with a +0 battleaxe!!
Casting: Stone Arrow (safe; 1% risk of failure)
Confirm with . or Enter, or press ? or * to list all spells.
The stone arrow hits the skeletal warrior but does no damage.
The skeletal warrior is severely damaged.
The skeletal warrior hits you with a +0 battleaxe!!
* * * LOW HITPOINT WARNING * * *
Casting: Stone Arrow (safe; 1% risk of failure)
Confirm with . or Enter, or press ? or * to list all spells.
Aiming: Stone Arrow (safe; 1% risk of failure)
Press: ? - help, Shift-Dir - straight line, f/p - skeletal warrior
Aim: a skeletal warrior, wielding a +0 battleaxe (severely damaged, 78% to hit)
The stone arrow misses the skeletal warrior.
* * * LOW MAGIC WARNING * * *
The skeletal warrior hits you but does no damage.
Casting: Stone Arrow (safe; 1% risk of failure)
Confirm with . or Enter, or press ? or * to list all spells.
Aiming: Stone Arrow (safe; 1% risk of failure)
Press: ? - help, Shift-Dir - straight line, f/p - skeletal warrior
Aim: a skeletal warrior, wielding a +0 battleaxe (severely damaged, 78% to hit)
The stone arrow misses the skeletal warrior.
* * * LOW MAGIC WARNING * * *
A skeletal warrior comes into view. It is wielding a +2 mace.
The skeletal warrior hits you with a +0 battleaxe!
* * * LOW HITPOINT WARNING * * *
You see here a +0 long sword.
Casting: Stone Arrow (safe; 1% risk of failure)
Confirm with . or Enter, or press ? or * to list all spells.
Aiming: Stone Arrow (safe; 1% risk of failure)
Press: ? - help, Shift-Dir - straight line, f/p - skeletal warrior
Aim: a skeletal warrior, wielding a +0 battleaxe (severely damaged, 78% to hit)
The stone arrow hits the skeletal warrior.
The skeletal warrior is severely damaged.
* * * LOW MAGIC WARNING * * *
The skeletal warrior barely misses you.
Unknown command.
The skeletal warrior hits you with a +0 battleaxe!!
You die...

#...##.## #.......# .####...#..#
#.###...# #
........##.######.##....####....
#...............)....z.......
#..##.##.######..####.........
#.##..# #...# #.###?.... #.###.#
#.#.# #.# .... #.###.## #z#.#
#.# .## #..##..###@#.. #.. # #
##.###.....###) ...
########.###..#### ###..
.#..)....##...########
)..................... ..#.#
#.)...........######## ..#.#
########......####### ..#.#
######..##.........### #.#.#
#...#.)#####..####...# #.#.#


You could see a skeletal warrior.

Vanquished Creatures
  Harold (D:7)
  A two-headed ogre (D:9)
  A skeletal warrior (D:11)
  2 centaur zombies (D:10)
  Joseph (D:8)
  A gargoyle (D:11)
  An unseen horror (D:10)
  A wraith (D:10)
  Eustachio (D:5)
  A wyvern (D:9)
  A steam dragon (D:9)
  An acid dragon (D:10)
  2 water moccasins
  6 orc warriors
  An ice beast (D:5)
  2 necrophages (D:5)
  A sky beast (D:8)
  A black bear (D:6)
  4 ogres
  4 centaurs
  2 phantoms
  4 kobold brigands
  A gnoll sergeant (D:11)
  3 scorpions (D:6)
  3 bullfrogs
  2 water moccasin skeletons (D:6)
  4 killer bees (D:11)
  4 wights (D:7)
  A bullfrog zombie (D:5)
  A howler monkey (D:7)
  2 hounds
  Crazy Yiuf (D:4)
  A centaur skeleton (D:6)
  7 gnoll shamans
  6 iguanas
  4 orc wizards
  A killer bee zombie (D:7)
  A hound zombie (D:5)
  2 hound skeletons (D:4)
  A howler monkey zombie (D:10)
  5 adders
  24 gnolls
  2 shadow imps (D:7)
  5 worms
  2 dart slugs
  26 orcs
  9 endoplasms
  3 giant cockroaches
  10 hobgoblins
  19 kobolds
  2 quokkas
  8 ball pythons
  6 bats
  2 frilled lizards
  7 goblins
  A quokka skeleton (D:4)
  6 rats
222 creatures vanquished.

Vanquished Creatures (others)
  5 fungi (D:11)
  4 plants (D:11)
9 creatures vanquished.

Grand Total: 231 creatures vanquished

Notes
Turn   | Place    | Note
-------+----------+-------------------------------------------
     0 | D:1      | lunkers the Demigod Earth Elementalist began the quest for
                  | the Orb.
     0 | D:1      | Reached XP level 1. HP: 14/14 MP: 5/5
   412 | D:1      | Reached XP level 2. HP: 20/20 MP: 4/7
  1149 | D:2      | Reached XP level 3. HP: 26/26 MP: 2/9
  2534 | D:3      | Learned a level 2 spell: Passwall
  2538 | D:3      | Learned a level 3 spell: Stone Arrow
  2754 | D:3      | Reached XP level 4. HP: 33/33 MP: 8/10
  2903 | D:4      | Reached skill level 1 in Conjurations
  3462 | D:4      | Reached XP level 5. HP: 38/38 MP: 2/12
  3494 | D:4      | Reached skill level 2 in Conjurations
  4471 | D:4      | Found a runed translucent door.
  4472 | D:4      | Noticed Crazy Yiuf
  4577 | D:4      | Killed Crazy Yiuf
  4645 | D:5      | Entered Level 5 of the Dungeon
  4645 | D:5      | Noticed a water moccasin
  4650 | D:5      | Killed a water moccasin
  4651 | D:5      | Reached skill level 3 in Conjurations
  4651 | D:5      | Reached XP level 6. HP: 45/45 MP: 6/14
  4975 | D:5      | Reached skill level 4 in Conjurations
  4975 | D:5      | Reached skill level 5 in Earth Magic
  5067 | D:5      | Reached XP level 7. HP: 50/50 MP: 8/15
  5692 | D:5      | Reached skill level 5 in Conjurations
  5711 | D:5      | Identified the +10 long sword of Doors {venom, rElec
                  | Stlth+}
  6136 | D:5      | Noticed Eustachio
  6145 | D:5      | Killed Eustachio
  6146 | D:5      | Reached XP level 8. HP: 57/57 MP: 2/18
  6768 | D:6      | Found a staircase to the Ecumenical Temple.
  6912 | D:6      | Reached skill level 6 in Conjurations
  7188 | D:6      | Reached skill level 5 in Spellcasting
  7692 | D:7      | Noticed Harold
  7700 | D:7      | Killed Harold
  7701 | D:7      | Reached skill level 7 in Conjurations
  7701 | D:7      | Reached XP level 9. HP: 20/62 MP: 2/21
  8376 | D:7      | Reached skill level 8 in Conjurations
  8949 | D:8      | Found a staircase to the Lair.
  8991 | D:8      | Noticed Joseph
  9000 | D:8      | Killed Joseph
  9773 | D:9      | Noticed a two-headed ogre
  9780 | D:9      | Killed a two-headed ogre
  9781 | D:9      | Reached skill level 9 in Conjurations
 10230 | D:9      | Reached XP level 10. HP: 69/69 MP: 5/23
 10481 | D:9      | Found Lyewnyj's Distillery.
 10608 | D:10     | Entered Level 10 of the Dungeon
 11738 | D:10     | Reached skill level 10 in Conjurations
 11987 | D:11     | Noticed a white ugly thing
 12409 | D:11     | Identified the +6 dagger of Zuagoan {vorpal, Drain Fragile
                  | rC+ Dex+5}
 13152 | D:11     | Noticed a skeletal warrior
 13163 | D:11     | Killed a skeletal warrior
 13238 | D:11     | Noticed a skeletal warrior
 13247 | D:11     | Noticed a skeletal warrior
 13247 | D:11     | HP: 2/69 [skeletal warrior (16)]
 13258 | D:11     | Mangled by a skeletal warrior

Illustrated notes

Levels and vault maps discovered:
D:1:      psy_arrival_conway, layout_loops_ring
D:2:      layout_loops_ring, basic_altar, kennysheep_generic_room_8
D:3:      layout_basic
D:4:      layout_basic, grunt_gozag_statues, cheibrodos_sewer_entry_bend,
          uniq_crazy_yiuf_cottage
D:5:      layout_basic, uniq_eustachio
D:6:      layout_rooms, minmay_temple_entry_purple_smoke
D:7:      layout_cave_pods, uniq_harold
D:8:      layout_cave_pools, lair_entry_dummy, hangedman_abyss_or_decor_passed,
          uniq_joseph
D:9:      layout_basic, serial_shops, nicolae_shop_behind_doors
D:10:     layout_loops_corners, serial_glass, glass_columns_a, glass_columns_b
D:11:     kennysheep_seaside_town, layout_rooms, david_orc_4

Skill      XL: |  1  2  3  4  5  6  7  8  9 10 |
---------------+-------------------------------+-----
Spellcasting   | 2 3 4 5 6 7 |  7.5
Earth Magic    | 3 4 5 6 7 8 |  8.8
Conjurations   | 1 3 4 5 7 9 10 | 10.8
Dodging        | |  1.7
Stealth        | |  1.7
Transmutations | |  0.8

Action                   |  1- 3 |  4- 6 |  7- 9 | 10-12 || total
-------------------------+-------+-------+-------+-------++-------
Melee: Unarmed           |     2 |       |       |       ||     2
       Spear             |       |     7 |       |       ||     7
       Long sword        |       |       |       |    10 ||    10
 Cast: Sandblast         |    86 |    22 |     4 |       ||   112
       Stone Arrow       |       |    42 |   133 |   104 ||   279
Evoke: Wand              |       |       |     2 |       ||     2
  Use: Scroll            |       |       |    16 |     4 ||    20
Armor: Robe              |     3 |     3 |     5 |    21 ||    32
Dodge: Dodged            |    16 |    20 |    14 |    25 ||    75

Table legend: (Time is in decaauts)
 A = Elapsed time spent in this place.
 B = Non-inter-level travel time spent in this place.
 C = Inter-level travel time spent in this place.
 D = Time resting spent in this place.
 E = Time spent auto-exploring this place.
 F = Levels seen in this place.
 G = Mean time per level.
                   A        B        C        D        E       F      G
               +--------+--------+--------+--------+--------+-----+--------+
         Total |  13271 |  13010 |    261 |    547 |  10965 |  11 | 1206.5 |
       Dungeon |  13271 |  13010 |    261 |    547 |  10965 |  11 | 1206.5 |
               +--------+--------+--------+--------+--------+-----+--------+

Top non-repeatable levels by time:
     D:5: 2034 daAuts
     D:4: 1844 daAuts
    D:10: 1483 daAuts
     D:7: 1192 daAuts
    D:11: 1171 daAuts
     D:2: 1021 daAuts
     D:1: 1018 daAuts
     D:9: 1014 daAuts
     D:6: 874 daAuts
     D:3: 840 daAuts
     D:8: 775 daAuts
